 Dungeon Crawl Stone Soup version 0.28.0-47-ge53b351184 (webtiles) character file.

Game seed: 18418557679577868072

675 bobregger the Skirmisher (level 7, -15/79 HPs)
             Began as an Ogre Berserker on May 1, 2022.
             Was a Priest of Trog.
             Demolished by Menkaure (23 damage)
             ... on level 4 of the Dungeon.
             The game lasted 00:06:57 (6967 turns).

bobregger the Skirmisher (Ogre Berserker)           Turns: 6967, Time: 00:06:58

Health: -15/79     AC:  3    Str: 19 (22) XL:     7   Next: 59%
Magic:  7/7        EV: 11    Int:  6 (8)  God:    Trog [***...]
Gold:   160        SH:  0    Dex:  9 (10) Spells: 6/6 levels left

rFire   . . .      SeeInvis .   l - +0 flail
rCold   . . .      Faith    +   (no shield)
rNeg    . . .      Spirit   .   b - +0 animal skin
rPois   .          Reflect  .   (helmet restricted)
rElec   .          Harm     .   (no cloak)
rCorr   .          Rampage  .   (gloves unavailable)
Will    ++...                   (boots unavailable)
Stlth   +.........              e - amulet of faith
HPRegen 1.23/turn               (no ring)
MPRegen 0.10/turn               (no ring)

@: strong-willed, on berserk cooldown, regenerating, slowed, very slow
A: large, unfitting armour, tough skin 1
a: Renounce Religion, Berserk, Trog's Hand


You were on level 4 of the Dungeon.
You worshipped Trog.
Trog was most pleased with you.
You visited 1 branch of the dungeon, and saw 4 of its levels.
You also visited: Ossuary.

You collected 160 gold pieces.

Inventory:

Hand Weapons
 l - a +0 flail (weapon)
Armour
 b - a +0 animal skin (worn)
Jewellery
 e - an amulet of faith (around neck)
 f - an amulet of the acrobat
 k - a ring of protection from fire
Wands
 n - a wand of flame (17)
Scrolls
 a - a scroll of fog {unknown}
 c - a scroll of enchant armour {unknown}
 d - a scroll of magic mapping {unknown}
 g - 4 scrolls of teleportation {unknown}
 h - 3 scrolls of identify {unknown}
 i - a scroll of noise {unknown}
Potions
 j - 3 potions of flight
 o - a potion of curing {unknown}
 p - a potion of might


   Skills:
 * Level 7.8 Fighting
 + Level 4.2 Maces & Flails
 * Level 5.3 Dodging


You had 6 spell levels left.
You didn't know any spells.
Your spell library was empty.

Dungeon Overview and Level Annotations

Branches:
Dungeon (4/15)             Temple (0/1) D:4         Ossuary (visited)

Altars:
Gozag
Trog
Wu Jian
Zin

Annotations:
D:4 Menkaure


Innate Abilities, Weirdness & Mutations

You are too large for most types of armour.
You have tough skin. (AC +1)


Message History

You barely miss Menkaure.
Menkaure is severely damaged.
The hobgoblin completely misses you.
Menkaure points at you and mumbles some strange words.
Pain shoots through your body!
You sock Menkaure!
Menkaure is almost destroyed.
You are no longer berserk.
You are exhausted.
You feel yourself slow down. The hobgoblin barely misses you.
You completely miss Menkaure.
Menkaure is almost destroyed.
Menkaure barely misses you. The hobgoblin hits you. Menkaure hits you.
* * * LOW HITPOINT WARNING * * *
The hobgoblin hits you but does no damage.
Menkaure hits you.
* * * LOW HITPOINT WARNING * * *
You closely miss Menkaure.
Menkaure is almost destroyed.
Menkaure's bandages flutter.
Menkaure barely misses you. The hobgoblin barely misses you.
Menkaure calls on the powers of darkness!
The dart slug convulses!
Your body is wracked with pain!
* * * LOW HITPOINT WARNING * * *
The hobgoblin convulses!
Your skin crawls.
You feel strong-willed.
The hobgoblin hits you but does no damage.
Menkaure calls on the powers of darkness!
The dart slug convulses!
Your body is wracked with pain!
* * * LOW HITPOINT WARNING * * *
The hobgoblin convulses!
The hobgoblin hits you but does no damage.
It was a potion of degeneration.
There was something very wrong with that liquid.
You feel weakened.
You feel dopey.
You feel clumsy. Menkaure barely misses you. The hobgoblin hits you.
* * * LOW HITPOINT WARNING * * *
Menkaure hits you!!
You die...

...#.. ##.#. .....
###... . .... ###.....
.. #..###### ##.#.##..
#..#.......## ##....##..
#...........###....:....
............##.........>
####..g.#...##..........
#..#@##..........##..
#..#M##..........##..
.......w##..............
........##..............
w........#>.....>.......
g.......................
....##.................
.... .................
... #....#


You could see Menkaure (fast), a dart slug and a hobgoblin.

Vanquished Creatures
  A necrophage (D:4)
  Blork the orc (D:4)
  A water moccasin zombie (Ossuary)
  A bullfrog zombie (Ossuary)
  A hound (D:3)
  2 orc priests
  An iguana (D:4)
  Jessica (D:2)
  Natasha (D:4)
  Ijyb (D:4)
  4 mummies
  9 adders
  An adder skeleton (D:4)
  A dart slug (D:3)
  13 orcs
  6 endoplasms
  A giant cockroach (D:2)
  14 goblins
  6 hobgoblins
  2 jackals (D:3)
  7 kobolds
  3 quokkas (D:1)
  8 ball pythons
  4 bats
  4 frilled lizards
  A goblin zombie (D:4)
  9 rats
  A rat zombie (D:4)
105 creatures vanquished.

Vanquished Creatures (others)
  11 withered plants (Ossuary)
11 creatures vanquished.

Grand Total: 116 creatures vanquished

Notes
Turn   | Place    | Note
-------+----------+-------------------------------------------
     0 | D:1      | bobregger the Ogre Berserker began the quest for the Orb.
     0 | D:1      | Reached XP level 1. HP: 24/24 MP: 1/1
   186 | D:1      | Reached XP level 2. HP: 25/32 MP: 2/2
   905 | D:1      | Reached XP level 3. HP: 21/40 MP: 3/3
  1118 | D:1      | Reached ** piety under Trog
  1403 | D:1      | Found a faded altar of an unknown god.
  1789 | D:2      | Found a glowing silver altar of Zin.
  2345 | D:2      | Reached skill level 5 in Fighting
  2345 | D:2      | Reached XP level 4. HP: 38/50 MP: 4/4
  2998 | D:2      | Noticed Jessica
  3007 | D:2      | Killed Jessica
  3379 | D:2      | Reached XP level 5. HP: 56/57 MP: 5/5
  3594 | D:3      | Found an ornate altar of the Wu Jian Council.
  4512 | D:3      | Found an opulent altar of Gozag.
  4598 | D:3      | Reached skill level 6 in Fighting
  4975 | D:3      | Reached XP level 6. HP: 32/67 MP: 6/6
  5687 | D:4      | Found a sand-covered staircase.
  5695 | Ossuary  | Entered an ossuary
  6144 | D:4      | Reached skill level 7 in Fighting
  6231 | D:4      | Found a bloodstained altar of Trog.
  6235 | D:4      | Noticed Natasha
  6250 | D:4      | Killed Natasha
  6251 | D:4      | Reached XP level 7. HP: 56/78 MP: 7/7
  6359 | D:4      | Noticed Blork the orc
  6368 | D:4      | Killed Blork the orc
  6369 | D:4      | Reached skill level 5 in Dodging
  6646 | D:4      | Found a staircase to the Ecumenical Temple.
  6669 | D:4      | Reached *** piety under Trog
  6941 | D:4      | Noticed Ijyb
  6943 | D:4      | Noticed Menkaure
  6959 | D:4      | Killed Ijyb
  6967 | D:4      | Demolished by Menkaure

Illustrated notes

Levels and vault maps discovered:
D:1:      dpeg_arrival_concentric_ovals, layout_rooms,
          shapermc_ecumenical_altar_mp_vishouse, minmay_tromino_i4
D:2:      layout_loops_corners, basic_altar, uniq_jessica
D:3:      layout_basic, mainiacjoe_overflow_paths,
          nicolae_gozag_cash_rules_everything_around_me, hex_tiny
D:4:      layout_cave_pools, nemelex_xobeh_ov_fountains_minmay,
          mainiacjoe_overflow_tiny_flanked, minmay_temple_entry_stoned_glass,
          enter_ossuary_4, gammafunk_ghost_cemetery, item_on_display_a,
          uniq_blork_the_orc, uniq_menkaure, uniq_natasha, uniq_ijyb

Skill      XL: |  1  2  3  4  5  6  7 |
---------------+----------------------+-----
Dodging        | 3 4 5 |  5.3
Maces & Flails | 3 4 |  4.2
Fighting       | 5 6 7 |  7.8

Action                   |  1- 3 |  4- 6 |  7- 9 || total
-------------------------+-------+-------+-------++-------
Melee: Mace              |   106 |    98 |       ||   204
       Flail             |       |   129 |    58 ||   187
       Punch             |       |     5 |       ||     5
Invok: Berserk           |     4 |     4 |     3 ||    11
       Trog's Hand       |       |     2 |     1 ||     3
  Use: Potion            |       |     2 |     1 ||     3
Armor: Animal skin       |    45 |    60 |    14 ||   119
Dodge: Dodged            |    80 |   170 |    50 ||   300
